 Dungeon Crawl Stone Soup version 0.24-a0-408-gcc1054c7ca (webtiles) character file.

Game seed: 11118432859077094416

796 Lanoc the Agent of Entropy (level 8, 0/61 HPs)
             Began as a Formicid Abyssal Knight on June 5, 2019.
             Was a Priest of Lugonu.
             Killed from afar by an orc wizard (5 damage)
             ... with a puff of flame
             ... on level 5 of the Dungeon.
             The game lasted 00:09:24 (4272 turns).

Lanoc the Agent of Entropy (FoAK)                   Turns: 4272, Time: 00:09:25

Health: 0/61       AC: 12    Str: 16 (17) XL:     8   Next: 13%
Magic:  11/12      EV: 13    Int:  9 (12) God:    Lugonu [***...]
Gold:   178        SH:  5    Dex: 16 (17) Spells: 7/7 levels left

rFire    . . .     SeeInvis +   a - +1 spear
rCold    . . .     Gourm    .   e - +0 buckler
rNeg     . . .     Faith    .   g - +0 chain mail
rPois    .         Spirit   .   (helmet unavailable)
rElec    .         Reflect  .   i - +2 cloak
rCorr    .         Harm     .   (no gloves)
MR       .....                  (no boots)
Stlth    ..........             (no amulet)
HPRegen  0.20/turn              (no ring)
MPRegen  0.13/turn              (no ring)

@: agile, lethally poisoned (0 -> -3)
A: permanent stasis, dig shafts and tunnels, four strong arms, antennae 3
a: Dig, Shaft Self, Depart the Abyss, Bend Space, Banish, Renounce Religion


You were on level 5 of the Dungeon.
You worshipped Lugonu.
Lugonu was most pleased with you.
You were not hungry.

You visited 1 branch of the dungeon, and saw 5 of its levels.
You visited the Abyss 1 time.

You collected 178 gold pieces.

Inventory:

Hand Weapons
 a - a +1 spear (weapon)
Armour
 e - a +0 buckler (worn)
 g - a +0 chain mail (worn)
 i - a +2 cloak (worn)
Wands
 b - a wand of flame (3)
Scrolls
 d - 2 scrolls of magic mapping {unknown}
 f - 5 scrolls of remove curse
 j - a scroll of enchant armour
 k - 2 scrolls of amnesia {unknown}
 l - a scroll of fear {unknown}
 m - a scroll of immolation {unknown}
 o - a scroll of fog {unknown}
 p - a scroll of blinking {unknown}
Potions
 h - 2 potions of flight
Comestibles
 c - 9 rations


   Skills:
 + Level 4.6 Fighting
 * Level 4.7 Polearms
 + Level 3.8 Armour
 + Level 2.6 Dodging
 - Level 2.5 Shields
 * Level 5.8 Invocations


You had 7 spell levels left.
You didn't know any spells.
Your spell library was empty.

Dungeon Overview and Level Annotations

Branches:
Dungeon (5/15)
 Temple: D:4-7

Altars:
Dithmenos
Elyvilon
Fedhas
Hepliaklqana
Makhleb
Qazlal
Trog
Yredelemnul
The Shining One

Shops:
D:5 :

Annotations:
D:2 Sigmund
D:4 1 runed translucent door, Crazy Yiuf, Menkaure


Innate Abilities, Weirdness & Mutations

You cannot be hasted, slowed, berserked, paralysed or teleported.
You can dig through walls and to a lower floor.
Your four strong arms can wield two-handed weapons with a shield.
You have a pair of large antennae on your head. (SInv)


Message History

You feel sick. The hornet stings you!
Your stasis prevents you from being slowed.
You hit the hornet.
The hornet is heavily wounded.
The hornet stings you!
* * * LOW HITPOINT WARNING * * *
Your stasis prevents you from being slowed.
Space bends around you!
You blink.
An orc comes into view. It is wielding a +0 dagger.
You feel sick.
The orc shouts!
The orc wizard hits you but does no damage.
Found a scroll of identify.
Found a stone staircase leading down.
You feel sick.
The orc wizard mumbles some strange words.
The orc wizard seems to speed up.
You feel sick.
The orc wizard gestures at you while chanting.
The puff of flame hits you.
You die...

.....#.#.####. #
.........# #.
...####### .# .....#
.. ...#.# #.
.....#### #.
#.......# #.##
######..# #..# #...#
#@## #.#.## #..#
#..#..## ##o##
#..###..## #.S#{ ...#
##..## ###o#
#..#+...##..## #o...{
..##..8..##..###y##..
..8.8. ##...#.# ..#
.8._.8 ###...# ?.#


You could see an orc wizard, an adder and an orc.

Vanquished Creatures
  Grinder (D:4)
  An ogre (D:4)
  2 scorpions
  3 hounds
  An orc priest (D:5)
  A bullfrog skeleton (D:5)
  Ijyb (D:5)
  3 orc wizards (D:4)
  3 worker ants (D:4)
  3 adders
  An adder zombie (D:5)
  2 worms (D:2)
  2 leopard geckos
  10 orcs
  10 bats
  6 giant cockroaches
  4 goblins
  5 hobgoblins
  9 jackals
  6 kobolds
  2 quokkas
  A ball python (D:3)
  2 frilled lizards (D:1)
  A quokka skeleton (D:4)
  3 rats
83 creatures vanquished.

Vanquished Creatures (others)
  An orc wizard (D:4)
1 creature vanquished.

Grand Total: 84 creatures vanquished

Notes
Turn   | Place    | Note
-------+----------+-------------------------------------------
     0 | Abyss:1  | Lanoc the Formicid Abyssal Knight began the quest for the
                  | Orb.
     0 | Abyss:1  | Reached XP level 1. HP: 18/18 MP: 2/2
    25 | D:1      | Escaped the Abyss
    29 | D:1      | Noticed a minotaur zombie
    41 | D:1      | Noticed a merfolk zombie
    43 | D:1      | Noticed a merfolk zombie
   104 | D:1      | Reached skill level 1 in Dodging
   137 | D:1      | Reached XP level 2. HP: 21/24 MP: 3/3
   549 | D:1      | Reached XP level 3. HP: 29/29 MP: 5/5
   555 | D:1      | Reached ** piety under Lugonu
   744 | D:2      | Noticed Sigmund
   958 | D:2      | Found a basalt altar of Yredelemnul.
  1122 | D:2      | Reached skill level 1 in Shields
  1154 | D:2      | Reached skill level 3 in Invocations
  1433 | D:2      | Found a hazy altar of Hepliaklqana.
  1522 | D:2      | Found a faded altar of an unknown god.
  1725 | D:3      | Reached XP level 4. HP: 35/35 MP: 6/6
  1930 | D:3      | Found a shadowy altar of Dithmenos.
  2338 | D:4      | Reached XP level 5. HP: 27/41 MP: 7/7
  2364 | D:4      | Reached skill level 4 in Invocations
  2528 | D:4      | Reached XP level 6. HP: 31/48 MP: 9/9
  2563 | D:4      | HP: 2/48 [orc wizard/magic dart (6)]
  3148 | D:4      | Reached *** piety under Lugonu
  3232 | D:4      | Noticed an ogre
  3246 | D:4      | Killed an ogre
  3246 | D:4      | Reached XP level 7. HP: 42/54 MP: 10/10
  3312 | D:4      | Reached skill level 5 in Invocations
  3626 | D:4      | Found a runed translucent door.
  3627 | D:4      | Noticed Crazy Yiuf
  3689 | D:4      | Noticed Grinder
  3728 | D:4      | Killed Grinder
  3750 | D:4      | Noticed Menkaure
  3754 | D:5      | Entered Level 5 of the Dungeon
  3756 | D:5      | Noticed Ijyb
  3814 | D:5      | Killed Ijyb
  4022 | D:5      | Found a white marble altar of Elyvilon.
  4033 | D:5      | Reached XP level 8. HP: 61/61 MP: 12/12
  4042 | D:5      | Found a stormy altar of Qazlal.
  4045 | D:5      | Found a blossoming altar of Fedhas.
  4047 | D:5      | Found Domm's Book Shoppe.
  4110 | D:5      | Found a bloodstained altar of Trog.
  4133 | D:5      | Found a burning altar of Makhleb.
  4245 | D:5      | Found a glowing golden altar of the Shining One.
  4251 | D:5      | Noticed a hornet
  4272 | D:5      | Killed from afar by an orc wizard

Levels and vault maps discovered:
D:1:      shiori_arrival_whats_in_store_for_you, layout_basic
D:2:      layout_basic, nicolae_overflow_hidden_temple,
          chequers_ecumenical_altar_twisty, kennysheep_crisscross,
          mrwooster_statue_mirror, yredelemnul_altar_generic, uniq_sigmund
D:3:      layout_loops_ring, nicolae_dithmenos_through_a_glass_darkly
D:4:      layout_loops_ring, first_ration, uniq_crazy_yiuf_cottage,
          uniq_grinder, uniq_menkaure
D:5:      layout_basic, grunt_temple_overflow_forces_of_nature,
          old_standard_altar, nicolae_overflow_crystal_walls, elyvilon_altar_4,
          serial_shops, shop, tso_metal_star, uniq_ijyb

Skill      XL: |  1  2  3  4  5  6  7 |
---------------+----------------------+-----
Dodging        | 1 2 |  2.6
Shields        | 1 2 |  2.5
Invocations    | 3 4 5 |  5.8
Polearms       | 3 4 |  4.7
Armour         | 3 |  3.8
Fighting       | 4 |  4.6

Action                   |  1- 3 |  4- 6 |  7- 9 || total
-------------------------+-------+-------+-------++-------
Melee: Spear             |   152 |   212 |   197 ||   561
Invok: Bend Space        |       |     1 |     1 ||     2
 Abil: Dig               |     1 |       |       ||     1
  Use: Scroll            |     4 |     1 |       ||     5
       Potion            |     2 |     3 |     5 ||    10
 Stab: Sleeping          |     2 |       |       ||     2
       Invisible         |       |       |     4 ||     4
  Eat: Chunk             |     2 |     6 |     4 ||    12
Armor: Leather armour    |    61 |    53 |       ||   114
       Chain mail        |       |    20 |    86 ||   106
Dodge: Dodged            |    68 |    99 |    54 ||   221
Block: Buckler           |     9 |    28 |    25 ||    62

Table legend:
 A = Non-vault XP
 B = Vault XP
 C = Vault XP percentage of total XP
 D = Non-vault monster count
 E = Vault monster count
 F = Vault count percentage of total count
                 A         B        C        D         E       F
            +---------+---------+-------+---------+---------+-------
      Total |     830 |     308 |  27.1 |      82 |       2 |   2.4
            +---------+---------+-------+---------+---------+-------
        D:1 |      34 |       0 |   0.0 |      19 |       0 |   0.0
        D:2 |      32 |       0 |   0.0 |      17 |       0 |   0.0
        D:3 |      37 |       0 |   0.0 |      13 |       0 |   0.0
        D:4 |     543 |     272 |  33.4 |      23 |       1 |   4.2
        D:5 |     184 |      36 |  16.4 |      10 |       1 |   9.1
            +---------+---------+-------+---------+---------+-------
